AoeStats
← Caldi

Fortress

509877275Analyzed
4v4 RM · 3d ago on Sep 28, 2026· 63m 45s· 8 players
Game mode
Random Map
Map size
Huge
Population
200
Speed
Normal
Resources
Standard
Victory
Conquest
Starting age
Dark Age
Ending age
Imperial Age
RankedLock teamsTeams togetherTeam positionsShared explorationLock speedFull tech treeHidden civsTurbo modeCheats
Victory
Defeat
🇨🇳 Jurchens · China
607
+10
🇨🇳 Spanish · China
576
+11
🇦🇺 Huns · Australia
444
+17
🇦🇺 Mongols · Australia
431
+16
🇦🇷 Poles · Argentina
524
-16
🇨🇱 Malay · Chile
483
-14
🇪🇬 Franks · Egypt
472
-14
🇩🇪 Huns · Germany
369
-10
kzakaria9191
0:36 Loom
9:07 Feudal Age
16:55 Castle Age
14:53 Double-Bit Axe
14:50 Man-at-Arms
17:05 Gold Mining
19:52 Husbandry
20:56 Stone Mining
21:09 Caravan
29:10 Imperial Age
27:55 Bow Saw
29:28 Gold Shaft Mining
29:33 Cavalier
30:27 Fortified Wall
29:59 Treadmill Crane
30:43 Ballistics
30:20 Murder Holes
30:35 Scale Barding Armor
30:42 Forging
35:16 Paladin
37:48 Iron Casting
37:34 Chain Barding Armor
37:28 Masonry
38:19 Chemistry
42:51 Plate Barding Armor
46:46 Architecture
47:17 Blast Furnace
46:18 Scale Mail Armor
46:07 Town Watch
46:58 Wheelbarrow
50:03 Elite Throwing Axeman
51:03 Conscription
52:37 Town Patrol
52:12 Pikeman
52:52 Squires
54:08 Hand Cart
53:25 Halberdier
53:26 Long Swordsman
53:51 Gambesons
53:46 Ordonnance Companies
55:03 Hoardings
60:31 Chain Mail Armor
60:17 Padded Archer Armor
60:07 Fletching
60:23 Siege Engineers
maximo.cmd
1:00 Loom
8:45 Feudal Age
8:24 Horse Collar
10:51 Man-at-Arms
11:17 Arson
13:56 Wheelbarrow
13:13 Double-Bit Axe
13:49 Gold Mining
18:33 Stone Mining
26:21 Castle Age
25:57 Long Swordsman
25:59 Crossbowman
28:41 Forging
28:37 Scale Barding Armor
28:55 Bow Saw
30:18 Hand Cart
31:43 Gold Shaft Mining
31:43 Stone Shaft Mining
32:08 Husbandry
35:28 Iron Casting
34:56 Padded Archer Armor
34:47 Fletching
39:46 Imperial Age
37:34 Heavy Plow
38:43 Thumb Ring
39:17 Leather Archer Armor
38:57 Bodkin Arrow
40:50 Cavalier
49:28 Pikeman
50:09 Squires
51:23 Halberdier
KINGTOM
9:52 Feudal Age
10:21 Double-Bit Axe
10:19 Horse Collar
10:36 Town Watch
10:40 Loom
12:25 Stone Mining
12:28 Gold Mining
13:46 Wheelbarrow
14:33 Fletching
19:43 Castle Age
18:52 Bloodlines
20:35 Bodkin Arrow
20:47 Town Patrol
22:03 Hand Cart
22:32 Murder Holes
23:11 Forging
23:27 Fervor
29:04 Imperial Age
27:18 Husbandry
26:44 Light Cavalry
28:13 Bow Saw
28:14 Heavy Plow
29:23 Iron Casting
31:01 Two-Man Saw
30:38 Ballistics
30:22 Cavalier
32:43 Bracer
34:06 Chemistry
35:34 Blast Furnace
ezequielb89
1:06 Loom
7:31 Feudal Age
8:53 Wheelbarrow
8:04 Town Watch
7:48 Man-at-Arms
11:24 Arson
15:15 Gold Mining
15:16 Double-Bit Axe
15:19 Horse Collar
24:04 Castle Age
23:31 Forging
23:21 Scale Mail Armor
23:27 Scale Barding Armor
23:13 Fletching
23:23 Padded Archer Armor
25:04 Crossbowman
25:06 Elite Skirmisher
26:09 Bow Saw
26:15 Heavy Plow
29:10 Husbandry
29:21 Bloodlines
28:32 Light Cavalry
29:42 Squires
29:02 Pikeman
30:57 Iron Casting
30:32 Long Swordsman
33:49 Thumb Ring
35:14 Hand Cart
35:55 Town Patrol
38:15 Masonry
37:46 Treadmill Crane
38:05 Murder Holes
38:21 Fortified Wall
48:37 Imperial Age
48:49 Cavalier
48:53 Two-Handed Swordsman
48:55 Arbalester
50:43 Blast Furnace
MarkyKenz
5:03 Loom
9:37 Feudal Age
10:55 Wheelbarrow
10:09 Double-Bit Axe
11:54 Gold Mining
12:24 Horse Collar
16:03 Stone Mining
19:14 Castle Age
18:47 Fletching
18:58 Padded Archer Armor
20:12 Scale Barding Armor
20:28 Forging
20:47 Bow Saw
21:24 Gold Shaft Mining
21:40 Heavy Plow
24:25 Fervor
25:29 Hand Cart
25:49 Caravan
26:15 Leather Archer Armor
25:57 Bodkin Arrow
26:38 Iron Casting
26:50 Thumb Ring
28:42 Chain Barding Armor
28:35 Bloodlines
28:56 Ballistics
29:18 Husbandry
29:49 Murder Holes
35:32 Imperial Age
34:29 Masonry
34:24 Marauders
35:41 Heavy Cavalry Archer
36:49 Parthian Tactics
37:34 Two-Man Saw
36:59 Conscription
37:01 Bracer
40:06 Chemistry
39:48 Plate Barding Armor
40:30 Blast Furnace
39:39 Elite Tarkan
54:34 Light Cavalry
63:25 Hussar
63:31 Cavalier
63:39 Elite Skirmisher
64:22 Scale Mail Armor
63:45 Crossbowman
Caldi
8:50 Loom
11:22 Feudal Age
16:21 Castle Age
15:54 Horse Collar
17:16 Heavy Plow
21:18 Caravan
21:48 Double-Bit Axe
26:52 Imperial Age
26:33 Bow Saw
27:47 Wheelbarrow
27:01 Town Watch
27:55 Drill
27:41 Gold Mining
27:38 Capped Ram
29:46 Gold Shaft Mining
29:00 Siege Ram
33:19 Hand Cart
33:05 Town Patrol
35955419
9:36 Feudal Age
10:32 Double-Bit Axe
11:07 Horse Collar
11:42 Gold Mining
19:01 Castle Age
16:55 Stone Mining
20:50 Bow Saw
23:25 Wheelbarrow
25:31 Treadmill Crane
26:33 Stone Shaft Mining
27:16 Caravan
27:27 Squires
28:49 Hand Cart
28:52 Heavy Plow
33:39 Imperial Age
31:33 Ballistics
32:07 Loom
31:55 Pikeman
35:01 Coinage
34:55 Conscription
33:59 Elite Iron Pagoda
35:19 Hoardings
35:26 Crop Rotation
35:00 Town Watch
36:29 Two-Man Saw
35:41 Fortified Wall
36:11 Murder Holes
36:46 Town Patrol
36:34 Arrowslits
36:40 Guard Tower
36:49 Halberdier
36:50 Elite Fire Lancer
39:01 Fletching
40:46 Fortified Bastions
41:39 Bodkin Arrow
43:41 Thunderclap Bombs
43:48 Bracer
43:49 Padded Archer Armor
44:52 Elite Iron Pagoda
46:38 Scale Barding Armor
47:13 Keep
47:39 Chemistry
46:47 Heavy Cavalry Archer
48:23 Masonry
48:19 Siege Engineers
48:36 Chain Barding Armor
48:34 Forging
50:33 Gold Shaft Mining
50:35 Plate Barding Armor
51:28 Architecture
54:33 Iron Casting
56:18 Blast Furnace
55:56 Banking
55:37 Guilds
61:07 Leather Archer Armor
62:23 Spies/Treason
DrakeTheThief
0:32 Loom
8:05 Feudal Age
9:38 Double-Bit Axe
9:42 Horse Collar
16:49 Castle Age
15:08 Stone Mining
15:11 Gold Mining
21:41 Bow Saw
22:55 Heavy Plow
28:23 Imperial Age
25:40 Town Watch
26:32 Wheelbarrow
26:30 Herbal Medicine
27:42 Ballistics
27:56 Hand Cart
27:41 Town Patrol
29:41 Stone Shaft Mining
28:56 Arrowslits
29:23 Masonry
30:14 Chemistry
31:03 Caravan
32:06 Bloodlines
31:56 Husbandry
31:18 Cavalier
32:58 Conscription
32:56 Forging
32:46 Scale Mail Armor
32:52 Scale Barding Armor
32:37 Fletching
32:47 Padded Archer Armor
32:19 Pikeman
32:59 Squires
33:33 Fortified Wall
34:30 Two-Man Saw
35:20 Elite Conquistador
36:37 Hoardings
39:43 Leather Archer Armor
39:23 Bodkin Arrow
40:30 Halberdier
45:34 Iron Casting
45:14 Chain Mail Armor
45:19 Chain Barding Armor
45:00 Bracer
45:30 Ring Archer Armor
45:42 Bombard Tower
45:19 Murder Holes
45:54 Architecture
47:11 Paladin
48:43 Plate Mail Armor
Connection lost

Rejoining the realm…

Still unreachable

The connection could not be restored.

Session expired

The server has moved on; the page needs a fresh start.